cohdb
Replays
Latest Replays
All Replays
Popular Replays
Top Player Replays
Match Explorer
How It Works
Community
CoH3 Stats
Reddit
Sign in to upload your games and track your stats! →
Sign in with Steam
Match 32700651
Unlisted
Match 32700651
Overview
Messages
Build Orders
End
Construct Barracks
Selects Advanced Infantry Battlegroup
Selects Advanced Infantry Battlegroup
Engineer Squad
Riflemen Squad
Riflemen Squad
Riflemen Squad
Infantry Support Center
Construct Weapon Support Center
M1 Mortar Team
Selects Convert to Ranger Squad
Grenade Package
M1918 Browning Automatic Rifles
Selects Frontline Medical Station
Riflemen Squad
M1919 Machine Gun Team
Advanced Logistics
M1919 Machine Gun Team
Convert to Ranger Squad
Selects Infantry Assault
Convert to Ranger Squad
Survival Training
Bazooka Squad
Selects Ammunition Storage
Bazooka Squad
Bubbciss
Radagast
Gumshoe.Cambro
zqian
0
0
Comments
sign in to comment!
No comments posted yet!